 Dungeon Crawl Stone Soup version 0.19.1-1-g22dce08 (webtiles) character file.

52508 esteth the Severer (level 14, -15/129 HPs)
             Began as a Minotaur Fighter on Jan 1, 2017.
             Was the Champion of Makhleb.
             Killed from afar by a frost giant (33 damage)
             ... with a bolt of cold
             ... in an ice cave on Jan 2, 2017.
             The game lasted 01:08:08 (16633 turns).

esteth the Severer (Minotaur Fighter)              Turns: 16633, Time: 01:08:09

Health: -15/129    AC: 24    Str: 31    XL:     14   Next: 27%
Magic:  30/30      EV: 10    Int:  5    God:    Makhleb [******]
Gold:   1540       SH:  0    Dex: 11    Spells: 0 memorised, 13 levels left

rFire  . . .     SeeInvis .     L - +3 executioner's axe (flame)
rCold  . . .     Gourm    .     r - +7 plate armour
rNeg   . . .     Faith    .     (shield currently unavailable)
rPois  .         Spirit   .     (helmet restricted)
rElec  +         Reflect  .     (no cloak)
rCorr  .         Harm     .     (no gloves)
MR     +....                    t - +0 pair of boots
Stlth  ..........               n - amulet of regeneration
                                v - ring of Qeiggit {rElec MR- MP+9 Str+2}
                                V - +4 ring of strength

@: flying
A: retaliatory headbutt, horns 2, repulsion field 1, deterioration 1, magic
resistance 1
a: Minor Destruction, Lesser Servant of Makhleb, Major Destruction, Greater
Servant of Makhleb, Renounce Religion


You were in an ice cave.
You worshipped Makhleb.
Makhleb was exalted by your worship.
You were not hungry.

You visited 4 branches of the dungeon, and saw 20 of its levels.
You also visited: Ice Cave.

You collected 1914 gold pieces.
You spent 374 gold pieces at shops.

Inventory:

Hand Weapons
 I - a +3 war axe of chopping
 L - a +3 executioner's axe of flaming (weapon)
 M - a +2 demon whip of venom
Armour
 r - a +7 plate armour (worn)
 t - a +0 pair of boots (worn)
 P - a +2 buckler
Jewellery
 n - an amulet of regeneration (around neck)
 o - an uncursed ring of protection from cold
 v - the ring of Qeiggit (right hand) {rElec MR- MP+9 Str+2}
   (You found it on level 6 of the Lair of Beasts)

   [ring of magical power]

   It affects your strength (+2).
   It insulates you from electricity.
   It affects your resistance to hostile enchantments.
   It affects your magic capacity (+9).
 Q - an uncursed ring of see invisible
 V - a +4 ring of strength (left hand)
Wands
 a - a wand of lightning (4/15)
 g - a wand of flame (35/48)
 i - a wand of paralysis (8/24)
 N - a wand of iceblast (6/15)
 Z - a wand of lightning (7/15)
Scrolls
 b - 2 scrolls of amnesia
 h - 3 scrolls of recharging
 j - 2 scrolls of magic mapping
 l - 2 scrolls of blinking
 p - 12 scrolls of identify
 y - 6 scrolls of remove curse
 C - a scroll of silence
 F - 7 scrolls of teleportation
 W - a scroll of brand weapon
Potions
 d - 4 potions of brilliance
 q - 2 potions of heal wounds
 u - 3 potions of flight
 w - 2 potions of curing
 x - 2 potions of agility
 B - 4 potions of might
 D - 2 potions of haste
 U - 2 potions of resistance
Miscellaneous
 e - a lamp of fire
Comestibles
 c - 16 chunks of flesh
 f - 8 bread rations
 k - 12 beef jerkies
 m - 4 royal jellies
 s - 17 fruits
 K - 9 meat rations


   Skills:
 - Level 13.0 Fighting
 - Level 19.0 Axes
 - Level 12.1 Armour
 - Level 4.3 Shields
 + Level 11.4 Invocations


You had 13 spell levels left.
You didn't know any spells.

Dungeon Overview and Level Annotations

Branches:
Dungeon (12/15)            Temple (1/1) D:4            Lair (6/6) D:8
  Swamp (0/4) Lair:2        Snake (0/4) Lair:2        Slime (0/5) Lair:6
    Orc (1/2) D:12

Altars:
Ashenzari
Cheibriados
Dithmenos
Elyvilon
Fedhas
Gozag
Hepliaklqana
Kikubaaqudgha
Makhleb
Nemelex Xobeh
Okawaru
Qazlal
Ru
Sif Muna
Trog
Uskayaw
Vehumet
Xom
Yredelemnul
Zin
The Shining One

Shops:
D:9 (*

Portals:
Trove: D:10 (give 5 potions of resistance)

Annotations:
D:9 exclusion: orc wizard IceCv exclusion: ice statue


Innate Abilities, Weirdness & Mutations

You reflexively headbutt those who attack you in melee.
You have a pair of horns on your head.
You are surrounded by a mild repulsion field. (EV +2)
Your body sometimes deteriorates upon taking damage.
You are resistant to hostile enchantments. (MR+)


Message History

Your smoke demon gestures at the frost giant.
The sticky flame hits the frost giant.
The frost giant appears unharmed.
The frost giant is covered in liquid flames!
Your hellwing is engulfed in freezing vapours.
Your hellwing dies!
The frost giant burns!
The frost giant casts a spell at you.
The bolt of cold misses your smoke demon.
The bolt of cold hits you!
Your smoke demon hits the frost giant but does no damage. x3
The frost giant burns!
The frost giant casts a spell at you. The bolt of cold hits your smoke demon.
Your smoke demon dies!
The bolt of cold hits you!
* * * LOW HITPOINT WARNING * * *
The frost giant burns!
The frost giant points at you and mumbles some strange words.
The bolt of cold hits you!
You die... #≈≈# .# #≈≈# .## ###≈≈# ..###.. ##≈≈≈≈# YY.....

####≈≈≈≈≈##CY.....
#### ##..## #≈≈#.#
####..###..#.###≈≈§§#
#.#..#.#..#...#..§§≈#
.#..#....####..#@#§≈≈#
..######## ###.###≈≈≈#
.## ### #≈≈≈# ## ##≈≈#
# #≈≈# # #### #≈# ##
##..## ≈# .### ##....#
...###..##.#


You could see a frost giant (burning) and 3 yaks.

Vanquished Creatures
  Gastronok (Lair:1)
  2 dire elephants (Lair:6)
  Josephine (Lair:6)
  Harold (Lair:4)
  5 hydras
  Erica (D:11)
  An anaconda (Lair:6)
  Nergalle (Lair:2)
  The ghost of Exporg the Basher, a novice MiBe of Trog (Lair:1)
  The ghost of bananaglory the Destroyer, a novice TeCj of Vehumet (D:9)
  An unseen horror (D:11)
  3 hill giants
  A deep elf mage (D:12)
  Pikel (D:7)
  An ugly thing (D:12)
  An orc sorcerer (Orc:1)
  14 elephants
  6 black mambas
  7 spiny frogs
  3 komodo dragons
  4 rime drakes
  3 trolls
  10 polar bears
  2 two-headed ogres
  7 dream sheep (Lair:4)
  9 blink frogs
  5 hippogriffs
  A meliai zombie (D:11)
  A shadow (D:12)
  2 wyverns
  33 yaks
  3 wraiths
  2 humans (D:11)
  2 basilisks (Lair:3)
  3 vampire mosquitoes (D:11)
  4 wargs
  5 swamp worms
  9 water moccasins
  A naga (Lair:2)
  8 porcupines
  A hornet zombie (D:10)
  A black bear (Lair:2)
  3 ice beasts
  A slave (D:7)
  9 ogres
  12 orc warriors
  A necrophage (D:8)
  4 sky beasts
  16 wolves
  3 phantoms
  4 centaurs
  11 crocodiles
  2 big kobolds
  A gnoll sergeant (D:8)
  18 bullfrogs
  7 scorpions
  2 killer bees
  10 wights
  3 electric eels (D:6)
  4 howler monkeys
  4 crimson imps
  3 bullfrog zombies
  8 orc priests
  Crazy Yiuf (D:6)
  8 hounds
  A jelly (D:6)
  A quasit (D:9)
  A bullfrog skeleton (D:6)
  A centaur skeleton (D:8)
  Jessica (D:3)
  9 iguanas
  20 orc wizards
  9 worker ants
  A hound skeleton (D:7)
  3 worker ant zombies
  A howler monkey zombie (D:5)
  11 gnolls
  13 adders
  A shadow imp (D:8)
  2 oozes
  2 adder skeletons (D:4)
  A worm (D:6)
  3 dart slugs
  8 leopard geckos
  54 orcs
  7 giant cockroaches
  9 goblins
  8 hobgoblins
  9 jackals
  3 quokkas
  9 bats
  3 frilled lizards
  10 kobolds
  A leopard gecko zombie (D:9)
  A quokka skeleton (D:4)
  A quokka zombie (D:7)
  10 rats
  5 fungi
  4 plants (Lair:6)
527 creatures vanquished.

Vanquished Creatures (collateral kills)
  Nessos (D:12)
  A centaur zombie (D:12)
  Psyche (D:10)
  3 wraiths (Lair:6)
  A bullfrog (D:10)
  A killer bee (D:10)
  A bullfrog zombie (D:10)
  An orc priest (D:12)
  An orc (D:12)
  4 kobolds (D:10)
15 creatures vanquished.

Vanquished Creatures (others)
  An orc (D:9)
  3 fungi
  2 plants
6 creatures vanquished.

Grand Total: 548 creatures vanquished

Notes
Turn   | Place    | Note
-------+----------+-------------------------------------------
     0 | D:1      | esteth the Minotaur Fighter began the quest for the Orb.
     0 | D:1      | Reached XP level 1. HP: 19/19 MP: 0/0
   173 | D:1      | Reached XP level 2. HP: 25/27 MP: 1/1
   235 | D:1      | Reached skill level 3 in Axes
   628 | D:2      | Reached XP level 3. HP: 29/33 MP: 2/2
   831 | D:2      | Found an opulent altar of Gozag.
  1057 | D:2      | Noticed a moth of wrath
  1060 | D:2      | Found a bloodstained altar of Trog.
  1068 | D:2      | Reached XP level 4. HP: 38/40 MP: 3/3
  1327 | D:3      | Found an ancient bone altar of Kikubaaqudgha.
  1412 | D:3      | Reached skill level 4 in Axes
  1572 | D:3      | Found a shadowy altar of Dithmenos.
  1572 | D:3      | Noticed Jessica
  1582 | D:3      | Killed Jessica
  1582 | D:3      | Reached skill level 5 in Axes
  1582 | D:3      | Reached XP level 5. HP: 46/46 MP: 4/4
  1673 | D:3      | Found an opulent altar of Gozag.
  1940 | D:4      | Reached skill level 6 in Axes
  2160 | D:4      | Found a staircase to the Ecumenical Temple.
  2167 | Temple   | Entered the Ecumenical Temple
  2293 | Temple   | Became a worshipper of Makhleb the Destroyer
  2310 | D:4      | Reached XP level 6. HP: 46/52 MP: 5/5
  2355 | D:4      | Reached skill level 7 in Axes
  2506 | D:4      | Reached skill level 5 in Armour
  2624 | D:5      | Entered Level 5 of the Dungeon
  2714 | D:5      | Reached XP level 7. HP: 25/59 MP: 6/6
  2926 | D:5      | Found a stormy altar of Qazlal.
  2926 | D:5      | Found a shattered altar of Ashenzari.
  2989 | D:6      | Reached * piety under Makhleb
  3031 | D:6      | Reached XP level 8. HP: 66/66 MP: 7/7
  3084 | D:6      | Found a glowing golden altar of the Shining One.
  3166 | D:6      | Reached skill level 1 in Invocations
  3491 | D:6      | Found a runed door.
  3516 | D:6      | Found a snail-covered altar of Cheibriados.
  3635 | D:6      | HP: 2/66 [electric eel/bolt of electricity (9)]
  4050 | D:6      | Noticed Crazy Yiuf
  4056 | D:6      | Killed Crazy Yiuf
  4160 | D:7      | Reached skill level 5 in Invocations
  4165 | D:7      | Reached ** piety under Makhleb
  4220 | D:7      | Reached XP level 9. HP: 26/71 MP: 12/12
  4412 | D:7      | Noticed Pikel
  4443 | D:7      | Killed Pikel
  4542 | D:7      | Found a hide-covered altar of Uskayaw.
  4885 | D:8      | Reached skill level 8 in Axes
  5023 | D:8      | Reached skill level 9 in Axes
  5036 | D:9      | Reached *** piety under Makhleb
  5227 | D:8      | Reached skill level 10 in Axes
  5304 | D:8      | Noticed a hill giant
  5316 | D:8      | Killed a hill giant
  5316 | D:8      | Reached XP level 10. HP: 78/78 MP: 15/15
  5456 | D:8      | Found a sparkling altar of Nemelex Xobeh.
  5468 | D:8      | Reached skill level 5 in Fighting
  5555 | D:8      | Found a staircase to the Lair.
  6126 | Lair:1   | Entered Level 1 of the Lair of Beasts
  6129 | Lair:1   | Noticed a black mamba
  6134 | Lair:1   | Killed a black mamba
  6269 | Lair:1   | Reached **** piety under Makhleb
  6336 | Lair:1   | Noticed Gastronok
  6353 | Lair:1   | Killed Gastronok
  6353 | Lair:1   | Reached XP level 11. HP: 101/101 MP: 16/16
  6354 | Lair:1   | Noticed Exporg's ghost (novice MiBe)
  6403 | Lair:1   | Killed Exporg's ghost
  7246 | Lair:2   | Noticed a seven-headed hydra
  7375 | Lair:1   | Gained mutation: You are resistant to hostile enchantments. (MR+) [potion of mutation]
  7375 | Lair:1   | Gained mutation: Your body sometimes deteriorates upon taking damage. [potion of mutation]
  7375 | Lair:1   | Gained mutation: You are surrounded by a mild repulsion field. (EV +2) [potion of mutation]
  7389 | Lair:2   | Killed a seven-headed hydra
  7505 | Lair:2   | Found a labyrinth entrance.
  7571 | Lair:2   | Reached skill level 11 in Axes
  7612 | Lair:2   | Noticed Nergalle
  7622 | Lair:2   | Noticed a spectral orc warlord
  7627 | Lair:2   | Killed Nergalle
  7651 | Lair:2   | Found a staircase to the Snake Pit.
  7654 | Lair:2   | Noticed a five-headed hydra
  7669 | Lair:2   | Killed a five-headed hydra
  7669 | Lair:2   | Reached skill level 12 in Axes
  7960 | Lair:2   | Reached skill level 13 in Axes
  7967 | Lair:2   | Found a staircase to the Swamp.
  8333 | Lair:3   | Noticed a six-headed hydra
  8366 | Lair:3   | Killed a six-headed hydra
  8366 | Lair:3   | Reached XP level 12. HP: 56/115 MP: 17/17
  8526 | Lair:3   | Reached skill level 14 in Axes
  8533 | Lair:3   | Reached ***** piety under Makhleb
  8605 | Lair:3   | Reached skill level 15 in Axes
  8979 | Lair:3   | Noticed a seven-headed hydra
  8986 | Lair:3   | Killed a seven-headed hydra
  8986 | Lair:3   | Reached skill level 16 in Axes
  8988 | Lair:3   | Identified a scroll of acquirement
  9535 | Lair:4   | Noticed Harold
  9550 | Lair:4   | Killed Harold
  9617 | Lair:4   | Reached skill level 17 in Axes
 10033 | Lair:4   | You fall through a shaft!
 10200 | Lair:5   | Reached XP level 13. HP: 122/122 MP: 18/18
 10890 | Lair:6   | Entered Level 6 of the Lair of Beasts
 10960 | Lair:6   | Reached skill level 18 in Axes
 11120 | Lair:6   | Noticed Josephine
 11129 | Lair:6   | Killed Josephine
 11595 | Lair:6   | Found a staircase to the Slime Pits.
 12064 | Lair:6   | Reached skill level 19 in Axes
 12190 | Lair:6   | Noticed a dire elephant
 12200 | Lair:6   | Killed a dire elephant
 12200 | Lair:6   | Reached skill level 10 in Armour
 12269 | Lair:6   | Got a scintillating lapis lazuli ring
 12279 | Lair:6   | Identified the ring of Qeiggit {rElec MR- MP+9 Str+2} (You found it on level 6 of the Lair of Beasts)
 12300 | Lair:6   | Noticed a dire elephant
 12309 | Lair:6   | Killed a dire elephant
 12683 | D:9      | Found a deep blue altar of Sif Muna.
 12739 | D:9      | Found Vuof's Assorted Antiques.
 12742 | D:9      | Bought a scroll labeled YWNAOC FI WAE for 34 gold pieces
 12743 | D:9      | Bought a large pearl ring for 170 gold pieces
 12744 | D:9      | Bought a shiny brass ring for 170 gold pieces
 12887 | D:9      | Found Darivvap's Antique Weapon Shop.
 13119 | D:9      | Found a glowing silver altar of Zin.
 13254 | D:9      | Found a deep blue altar of Sif Muna.
 13254 | D:9      | Found a faded altar of an unknown god.
 13259 | D:9      | Found a faded altar of an unknown god.
 13261 | D:9      | Found a faded altar of an unknown god.
 13262 | D:9      | Noticed bananaglory's ghost (novice TeCj)
 13266 | D:9      | Found a faded altar of an unknown god.
 13274 | D:9      | Killed bananaglory's ghost
 13356 | D:10     | Entered Level 10 of the Dungeon
 13368 | D:10     | Noticed Psyche
 13605 | D:10     | Found a portal to a secret trove of treasure.
 13698 | D:10     | Killed Psyche
 14315 | D:11     | Noticed Erica
 14321 | D:11     | Killed Erica
 14564 | D:11     | Found an iron altar of Okawaru.
 14834 | D:11     | Reached XP level 14. HP: 129/129 MP: 20/20
 14984 | D:12     | Noticed Nessos
 15003 | D:12     | HP: 6/129 [poisoned by Nessos]
 15015 | D:12     | Killed Nessos
 15015 | D:12     | Reached skill level 10 in Invocations
 15582 | D:12     | Found a staircase to the Orcish Mines.
 15877 | Orc:1    | Entered Level 1 of the Orcish Mines
 15889 | Orc:1    | Paralysed by an orc sorcerer for 5 turns
 16097 | Orc:1    | Found a frozen archway.
 16372 | IceCv    | Entered an ice cave
 16375 | IceCv    | Reached ****** piety under Makhleb
 16620 | IceCv    | Noticed a frost giant
 16633 | IceCv    | Killed from afar by a frost giant

Skill      XL: |  1  2  3  4  5  6  7  8  9 10 11 12 13 14 |
---------------+-------------------------------------------+-----
Axes           | 3 5 6 7 10 13 17 19 | 19.0
Fighting       | 4 11 13 | 13.0
Shields        | 4 |  4.3
Armour         | 4 6 9 12 | 12.1
Invocations    | 6 8 9 11 | 11.4

Action                   |  1- 3 |  4- 6 |  7- 9 | 10-12 | 13-15 || total
-------------------------+-------+-------+-------+-------+-------++-------
Melee: War axe           |    86 |   116 |   319 |   428 |       ||   949
       Headbutt          |     7 |    23 |    60 |   139 |    91 ||   320
       Trident           |       |    21 |       |    33 |       ||    54
       Executioner's axe |       |       |       |    78 |   400 ||   478
Invok: Lesser Servant of |       |       |       |       |    19 ||    19
       Major Destruction |       |       |       |       |     1 ||     1
Evoke: Wand              |       |       |     5 |       |       ||     5
  Use: Scroll            |     2 |     5 |     6 |    12 |     8 ||    33
       Potion            |       |       |     2 |    13 |     5 ||    20
 Stab: Distracted        |       |       |       |       |     3 ||     3
  Eat: Chunk             |       |     6 |     7 |    13 |    20 ||    46
       Bread ration      |       |       |     1 |       |       ||     1
       Beef jerky        |       |       |       |     1 |       ||     1
Armor: Scale mail        |    61 |    45 |       |       |       ||   106
       Plate armour      |       |    16 |   179 |   343 |   339 ||   877
Dodge: Dodged            |    32 |    30 |    54 |   216 |   230 ||   562
Block: Shield            |    68 |    94 |   162 |    30 |       ||   354
       Buckler           |       |       |       |   126 |       ||   126
